 Dungeon Crawl Stone Soup version 0.21.1-1-g345015fe64 (webtiles) character file.

609 JarielCorvus the Magician (level 7, -15/36 HPs)
             Began as a Deep Elf Fire Elementalist on June 21, 2018.
             Demolished by a two-headed ogre
             ... wielding a +0 giant club
              (23 damage)
             ... on level 5 of the Dungeon.
             The game lasted 00:12:19 (4742 turns).

JarielCorvus the Magician (DEFE)                    Turns: 4742, Time: 00:12:20

Health: -15/36     AC:  5    Str:  5    XL:     7   Next: 19%
Magic:  8/20       EV: 13    Int: 22    God:
Gold:   210        SH:  0    Dex: 15    Spells: 3/21 levels left

rFire    . . .     SeeInvis .   l - +4 quarterstaff (chaos)
rCold    . . .     Gourm    .   (shield currently unavailable)
rNeg     . . .     Faith    .   a - +0 robe
rPois    +         Spirit   .   (no helmet)
rElec    .         Reflect  .   m - +2 cloak {rPois}
rCorr    .         Harm     .   (no gloves)
MR       .....                  (no boots)
Stlth    ++........             (no amulet)
HPRegen  0.12/turn              (no ring)
MPRegen  0.17/turn              (no ring)

@: no status effects
A: no striking features
a: no special abilities


You were on level 5 of the Dungeon.
You were not hungry.

You visited 1 branch of the dungeon, and saw 5 of its levels.

You collected 210 gold pieces.

Inventory:

Hand Weapons
 g - a +0 dagger
 k - a +2 dagger of speed
 l - a +4 quarterstaff of chaos (weapon)
 p - a +0 short sword of venom
Armour
 a - a +0 robe (worn)
 e - a +0 buckler
 m - a +2 cloak of poison resistance (worn)
 n - a +0 robe
Scrolls
 o - a scroll of identify
Potions
 d - 2 potions of agility
 f - 2 potions of heal wounds
 h - 3 potions of lignification
 i - 2 potions of curing
 j - a potion of brilliance {unknown}
Books
 b - a book of Flames

   Spells                             Type                      Level
   a - Flame Tongue                   Conjuration/Fire             1
   b - Throw Flame                    Conjuration/Fire             2
   c - Conjure Flame                  Conjuration/Fire             3
   d - Inner Flame                    Hexes/Fire                   3
   e - Sticky Flame                   Conjuration/Fire             4
   f - Fireball                       Conjuration/Fire             5
Comestibles
 c - 9 rations
 q - 2 chunks of flesh


   Skills:
 - Level 2.4 Dodging
 - Level 2.4 Stealth
 * Level 7.8 Spellcasting
 + Level 4.2 Conjurations
 + Level 5.3 Fire Magic


You had 3 spell levels left.
You knew the following spells:

 Your Spells              Type           Power        Failure   Level  Hunger
a - Flame Tongue          Conj/Fire      ####.        1%          1    None
b - Throw Flame           Conj/Fire      ####..       1%          2    None
c - Conjure Flame         Conj/Fire      ####....     3%          3    None
d - Inner Flame           Hex/Fire       ###.....     8%          3    None
e - Sticky Flame          Conj/Fire      ####....     11%         4    ###....
f - Fireball              Conj/Fire      ####......   28%         5    #####..


Dungeon Overview and Level Annotations

Branches:
Dungeon (5/15)
 Temple: D:4-7

Altars:
Cheibriados
Fedhas


Message History

Confirm with . or Enter, or press ? or * to list all spells.
Aiming: Flame Tongue
Press: ? - help, Shift-Dir - straight line, f/p - two-headed ogre
Aim: a two-headed ogre, wielding two giant clubs (moderately wounded)
The flame tongue hits the two-headed ogre.
The two-headed ogre is heavily wounded.
The two-headed ogre hits you with a giant club!!
Ouch! That really hurt!
The two-headed ogre hits you with a giant club!
* * * LOW HITPOINT WARNING * * *
Casting: Flame Tongue
Confirm with . or Enter, or press ? or * to list all spells.
Aiming: Flame Tongue
Press: ? - help, Shift-Dir - straight line, f/p - two-headed ogre
Aim: a two-headed ogre, wielding two giant clubs (heavily wounded)
The flame tongue hits the two-headed ogre.
The two-headed ogre is severely wounded.
The two-headed ogre hits you with a giant club!!
Ouch! That really hurt!
You die...

.....
##!..##
##.....##
#.......#
#.......#
#...$...#
#..O..#
######.@<#
#..<##.####
#.........#
#....####.#
####.# #
... #..##
#... #..#


You could see a two-headed ogre.

Vanquished Creatures
  Duvessa (D:4)
  Dowan (D:4)
  A howler monkey (D:4)
  A hound (D:4)
  2 orc priests (D:3)
  Crazy Yiuf (D:2)
  An orc wizard (D:3)
  2 iguanas (D:4)
  Natasha (D:4)
  2 worker ants (D:4)
  5 adders
  A shadow imp (D:5)
  3 worms
  A dart slug (D:2)
  3 leopard geckos
  5 orcs (D:3)
  2 giant cockroaches
  6 goblins
  10 hobgoblins
  10 jackals
  5 kobolds
  3 quokkas
  A ball python (D:2)
  5 bats
  2 frilled lizards (D:2)
  7 rats
82 creatures vanquished.

Notes
Turn   | Place    | Note
-------+----------+-------------------------------------------
     0 | D:1      | JarielCorvus the Deep Elf Fire Elementalist began the quest for the Orb.
     0 | D:1      | Reached XP level 1. HP: 10/10 MP: 6/6
   239 | D:1      | Reached XP level 2. HP: 10/15 MP: 1/8
   845 | D:1      | Learned a level 2 spell: Throw Flame
   931 | D:2      | Reached skill level 4 in Spellcasting
   931 | D:2      | Reached XP level 3. HP: 19/19 MP: 2/10
  1000 | D:2      | Learned a level 3 spell: Conjure Flame
  1004 | D:2      | Learned a level 3 spell: Inner Flame
  1334 | D:2      | Found a runed door.
  1637 | D:2      | Reached XP level 4. HP: 24/24 MP: 10/12
  1959 | D:2      | Found a snail-covered altar of Cheibriados.
  2126 | D:2      | Noticed Crazy Yiuf
  2128 | D:2      | Killed Crazy Yiuf
  2128 | D:2      | Reached skill level 5 in Spellcasting
  2141 | D:2      | Learned a level 4 spell: Sticky Flame
  2230 | D:3      | Reached XP level 5. HP: 28/28 MP: 0/14
  2583 | D:3      | Found a blossoming altar of Fedhas.
  2696 | D:3      | Reached skill level 6 in Spellcasting
  3183 | D:4      | Reached XP level 6. HP: 19/32 MP: 7/17
  3581 | D:4      | Noticed Duvessa
  3913 | D:4      | Learned a level 5 spell: Fireball
  3980 | D:4      | Noticed Natasha
  3982 | D:4      | Killed Natasha
  4146 | D:4      | Reached skill level 7 in Spellcasting
  4146 | D:4      | Reached skill level 5 in Fire Magic
  4202 | D:4      | Killed Duvessa
  4203 | D:4      | Noticed Dowan
  4206 | D:4      | Killed Dowan
  4206 | D:4      | Reached XP level 7. HP: 36/36 MP: 5/20
  4729 | D:5      | Entered Level 5 of the Dungeon
  4735 | D:5      | Noticed a two-headed ogre
  4742 | D:5      | Demolished by a two-headed ogre

Skill      XL: |  1  2  3  4  5  6 |
---------------+-------------------+-----
Spellcasting   | 4 5 6 7 |  7.8
Conjurations   | 2 3 4 |  4.2
Fire Magic     | 4 5 |  5.3
Dodging        | |  2.4
Stealth        | |  2.4

Action                   |  1- 3 |  4- 6 |  7- 9 || total
-------------------------+-------+-------+-------++-------
Melee: Quarterstaff      |       |     1 |       ||     1
 Cast: Flame Tongue      |    38 |    39 |     7 ||    84
       Throw Flame       |    17 |    36 |    14 ||    67
       Inner Flame       |     2 |     8 |     3 ||    13
       Fireball          |       |     4 |       ||     4
  Use: Scroll            |       |    12 |     2 ||    14
  Eat: Chunk             |     2 |     9 |     2 ||    13
Armor: Robe              |     1 |     1 |       ||     2
Dodge: Dodged            |    11 |     5 |       ||    16
